 Dungeon Crawl Stone Soup version 0.18.1-48-g4cf74bf (webtiles) character file.

28 Gargoyl the Skirmisher (level 2, -1/24 HPs)
             Began as a Demonspawn Abyssal Knight on Aug 27, 2016.
             Was a Follower of Lugonu.
             Splashed by a jelly's acid (4 damage)
             ... on level 1 of the Dungeon.
             The game lasted 00:01:39 (812 turns).

Gargoyl the Skirmisher (Demonspawn Abyssal Knight)   Turns: 812, Time: 00:01:40

Health: -1/24      AC:  5    Str: 12    XL:     2   Next: 96%
Magic:  3/3        EV: 11    Int: 13    God:    Lugonu [*.....]
Gold:   5          SH:  0    Dex: 12    Spells: 0 memorised, 1 level left

rFire  . . .     SeeInvis .     a - +1 hand axe
rCold  . . .     Gourm    .     b - +0 leather armour
rNeg   . . .     Faith    .     (no shield)
rPois  .         Spirit   .     (no helmet)
rElec  .         Dismiss  .     d - +1 cloak
rCorr  .         Reflect  .     (no gloves)
SustAt .         Harm     .     (no boots)
MR     .....                    (no amulet)
Stlth  ++........               (no ring)
                                (no ring)

@: not resistant to hostile enchantments, unstealthy
A: nightstalker 1
a: Depart the Abyss, Renounce Religion


You were on level 1 of the Dungeon.
You worshipped Lugonu.
Lugonu was aware of your devotion.
You were not hungry.

You visited 1 branch of the dungeon, and saw 1 of its levels.
You visited the Abyss 1 time.

You collected 5 gold pieces.

Inventory:

Hand Weapons
 a - a +1 hand axe (weapon)
Armour
 b - a +0 leather armour (worn)
 d - a +1 cloak (worn)
Scrolls
 e - 2 scrolls of teleportation {unknown}
 g - a scroll of enchant armour {unknown}
 h - a scroll of fear {unknown}
 i - a scroll of amnesia {unknown}
 k - a scroll of magic mapping {unknown}
 m - a scroll of noise {unknown}
Potions
 f - a potion of cancellation {unknown}
 j - 2 potions of heal wounds {unknown}
Comestibles
 c - 2 bread rations
 l - a beef jerky
 n - a slice of pizza


   Skills:
 + Level 3.3 Fighting
 + Level 2.1 Axes
 * Level 2.3 Armour
 + Level 0.8 Dodging
 + Level 0.6 Stealth
 + Level 2.5 Invocations


You had one spell level left.
You didn't know any spells.

Dungeon Overview and Level Annotations

Branches:
Dungeon (1/15)

Altars:


Innate Abilities, Weirdness & Mutations

You are slightly more attuned to the shadows.


Message History

The giant cockroach bites you. The giant cockroach misses you.
You hit the giant cockroach.
You kill the giant cockroach!
Lugonu accepts your kill.
The giant cockroach waves its antennae.
The rat twitches its whiskers.
The ooze jiggles.
The jelly hits you but does no damage.
You hit the jelly.
Your hands burn!
The jelly is moderately wounded.
The jelly hits you.
You are splashed with acid!
The acid burns!
* * * LOW HITPOINT WARNING * * *
You barely miss the jelly.
The jelly is moderately wounded.
The jelly completely misses you.
You hit the jelly.
Your hands burn!
* * * LOW HITPOINT WARNING * * *
The jelly is heavily wounded.
The jelly misses you.
You hit the jelly but do no damage.
Your hands burn!
You die...

.# #.# #.# .# #####.###.#
.# ##########.........#
.#######..................#
.........###+#######'###..#
#######..#..⌠...>...⌠..#..#
##.#......<......#..#
#('⌠....###....⌠+..#
########.#......@......#..#
.......#.#######J#######..#
######.#.#


shrrJJ. #..# ###.#.# ..sJshJ.(.. #.## #.....#....Jsw......#(#
#.#...###############.# #.#.#.................# #.#.#.#.#.#..####.##.##
####.....#.#....# #.##.# You could see a worm, a jelly, 5 oozes, 2 jackals, 4
giant cockroaches and 2 rats.

Vanquished Creatures
  A dart slug (D:1)
  2 giant geckos (D:1)
  2 giant cockroaches (D:1)
  A goblin (D:1)
  3 hobgoblins (D:1)
  5 jackals (D:1)
  2 bats (D:1)
  2 giant newts (D:1)
  4 rats (D:1)
22 creatures vanquished.

Notes
Turn   | Place    | Note
--------------------------------------------------------------
     0 | Abyss:1  | Gargoyl the Demonspawn Abyssal Knight began the quest for the Orb.
     0 | Abyss:1  | Reached XP level 1. HP: 18/18 MP: 2/2
   100 | Abyss:1  | Noticed a flying skull
   100 | Abyss:1  | Noticed a flying skull
   104 | Abyss:1  | Noticed a flying skull
   105 | D:1      | Escaped the Abyss
   108 | D:1      | Found a runed door.
   122 | D:1      | Noticed a jelly
   262 | D:1      | Reached * piety under Lugonu
   264 | D:1      | Gained mutation: You are slightly more attuned to the shadows. [demonic ancestry]
   264 | D:1      | Reached XP level 2. HP: 24/24 MP: 3/3
   812 | D:1      | Splashed by a jelly's acid

Skill      XL: |  1  2 |
---------------+-------+-----
Armour         | 2 |  2.3
Axes           | 2 |  2.1
Fighting       | |  3.3
Dodging        | |  0.8
Stealth        | |  0.6
Invocations    | |  2.5

Action                   || total
-------------------------++-------
Melee: Hand axe          ||    71
Invok: Depart the Abyss  ||     1
 Stab: Sleeping          ||     2
Armor: Leather armour    ||    32
Dodge: Dodged            ||    51
